Map: Acropolis LE

Players

Ratl

  • Race: Protoss Protoss
  • Spawn Location: 11:00

VOD

Have the link to the VOD?

Description

Time

  • Played on: Nov. 22, 2019, 3:55 p.m.
  • Length: 15:42
Show
View Real Time Build Order
Export as new Build Order

Ratl Protoss 

Build Orders:  

Get SALT Encoding   

  12  0:03  Probe (Chrono Boost)  
  13  0:22  Probe (Chrono Boost)  
  13  0:28  Pylon  
  14  0:38  Probe (Chrono Boost)  
  16  1:00  Probe (Chrono Boost)  
  16  1:01  Gateway  
  16  1:12  Assimilator  
  16  1:17  Probe (Chrono Boost)  
  17  1:34  Probe (Chrono Boost)  
  17  1:36  Forge  
  18  1:42  Pylon  
  19  1:51  Probe (Chrono Boost)  
  19  2:01  Assimilator  
  19  2:31  Nexus  
  19  2:38  Pylon  
  19  2:46  Probe (Chrono Boost)  
  20  3:02  Probe (Chrono Boost)  
  21  3:13  Zealot  
  21  3:18  Probe  
  24  3:21  Protoss Ground Weapons Level 1 (Chrono Boost)  
  24  3:33  Cybernetics Core  
  24  4:14  Probe (Chrono Boost)  
  25  4:27  Probe (Chrono Boost)  
  25  4:38  Probe (Chrono Boost), Stalker  
  29  4:52  Probe  
  30  5:06  Twilight Council  
  30  5:09  Probe  
  31  5:13  Pylon  
  31  5:18  Pylon  
  31  5:20  Stalker  
  31  5:26  Probe  
  34  5:30  Robotics Facility  
  34  5:32  Robotics Facility  
  34  5:39  Probe  
  35  5:52  Shield Battery  
  35  5:56  Probe  
  36  6:02  Stalker  
  36  6:03  Warp Gate  
  38  6:12  Gateway  
  38  6:13  Gateway  
  38  6:22  Gateway  
  38  6:24  Probe (Chrono Boost)  
  39  6:37  Probe (Chrono Boost)  
  39  6:44  Stalker  
  39  6:49  Observer  
  43  6:51  Observer  
  43  6:55  Protoss Ground Armor Level 1  
  44  7:03  Probe (Chrono Boost)  
  46  7:20  Probe (Chrono Boost)  
  46  7:26  Sentry  
  48  7:37  Probe (Chrono Boost)  
  49  7:49  Sentry x2  
  53  7:53  Probe (Chrono Boost)  
  54  8:02  Assimilator  
  54  8:04  Probe (Chrono Boost)  
  54  8:06  Assimilator  
  55  8:16  Probe (Chrono Boost)  
  56  8:25  Shield Battery  
  56  8:28  Shield Battery  
  56  8:31  Probe (Chrono Boost)  
  57  8:48  Probe (Chrono Boost)  
  59  9:12  Probe (Chrono Boost)  
  59  9:22  Immortal  
  59  9:29  Probe (Chrono Boost)  
  64  9:33  Adept x3  
  70  9:50  Pylon  
  70  9:56  Pylon  
  70  10:00  Nexus  
  70  10:16  Immortal  
  70  10:18  Probe (Chrono Boost)  
  75  10:35  Probe (Chrono Boost)  
  75  10:38  Adept x3  
  75  10:39  Adept  
  85  10:52  Probe (Chrono Boost), Gateway  
  85  10:53  Gateway  
  85  10:57  Gateway  
  85  10:59  Gateway  
  85  11:02  Gateway  
  85  11:09  Probe (Chrono Boost)  
  86  11:18  Forge  
  86  11:40  Immortal  
  86  11:42  Probe (Chrono Boost)  
  86  11:45  Adept x3  
  86  11:46  Adept  
  99  12:08  Protoss Ground Armor Level 2 (Chrono Boost)  
  99  12:38  Unknown x10  
  97  13:03  Unknown x9  
  95  13:25  Blink  
  95  13:56  Robotics Bay  
  95  13:59  Robotics Bay  
  91  14:33  Stalker x3  
  91  14:34  Stalker x2  
  91  14:35  Stalker  
  101  15:39  Pylon  
Tags
 
Add a new tag
Caveats
  • Supply blocks, unpowered buildings, or Contaminate may cause inaccurate times.
  • Supply counts are checked every 10 seconds.